 Dungeon Crawl Stone Soup version 0.25-a0-632-g7713895373 (webtiles) character file.

Game seed: 687218615380757341, levelgen mode: deterministic

125329 Kohma the Fighter (level 16, -16/146 HPs)
             Began as a Black Draconian Venom Mage on Mar 19, 2020.
             Was the Champion of Kikubaaqudgha.
             Shot with a bolt by Vashnia (18 damage)
             ... on level 2 of the Snake Pit.
             The game lasted 02:28:45 (39494 turns).

Kohma the Fighter (Black Draconian Venom Mage)     Turns: 39494, Time: 02:28:45

Health: -16/146    AC: 14    Str: 20    XL:     16   Next: 41%
Magic:  29/32      EV: 22    Int: 20    God:    Kikubaaqudgha [******]
Gold:   3049       SH: 13    Dex: 25    Spells: 0/40 levels left

rFire    + . .     SeeInvis +   Z - +4 spear of Hypnalug {flame, Str+5}
rCold    + . .     Gourm    .   C - +3 buckler {rF+}
rNeg     . . .     Faith    .   (armour unavailable)
rPois    +         Spirit   .   Y - +1 hat {SInv}
rElec    +         Reflect  +   (no cloak)
rCorr    .         Harm     .   k - +0 pair of gloves
MR       ++...                  p - +2 pair of boots
Stlth    +++.......             T - +4 amulet of reflection
HPRegen  0.34/turn              U - ring of Pynuc {+Inv rPois rC+ Int-2 Dex+9}
MPRegen  0.23/turn              s - ring "Diusie" {MR+ Str+3 Dex+5 Slay+2}

@: lethally poisoned (-16 -> -17), short of breath, flying, very slightly
contaminated
A: breathe lightning, unfitting armour, big wings, electricity resistance,
cold-blooded, AC +9
a: Breathe Lightning, Stop Flying, Receive Corpses, Torment, Brand Weapon With
Pain, Receive Necronomicon, Renounce Religion, Evoke Invisibility


You were on level 2 of the Snake Pit.
You worshipped Kikubaaqudgha.
Kikubaaqudgha was exalted by your worship.
You were hungry.

You visited 5 branches of the dungeon, and saw 26 of its levels.
You also visited: Ice Cave.

You collected 4154 gold pieces.
You spent 1105 gold pieces at shops.

Inventory:

Hand Weapons
 Z - the +4 spear of Hypnalug (weapon) {flame, Str+5}
   (You found it on level 3 of the Lair of Beasts)

   It has been specially enchanted to burn those struck by it, causing extra
   injury to most foes and up to half again as much damage against particularly
   susceptible opponents.
   It affects your strength (+5).
Missiles
 b - 4 throwing nets (quivered)
 z - 3 curare-tipped darts
Armour
 k - a +0 pair of gloves (worn)
 p - a +2 pair of boots (worn)
 r - a +0 kite shield
 C - a +3 buckler of fire resistance (worn)
 Y - a +1 hat of see invisible (worn)
Magical Staves
 W - an uncursed staff of cold {unknown}
Jewellery
 s - the ring "Diusie" (right hand) {MR+ Str+3 Dex+5 Slay+2}
   (You bought it in a shop on level 14 of the Dungeon)

   [ring of protection from magic]

   It affects your strength (+3).
   It affects your dexterity (+5).
   It affects your accuracy and damage with ranged weapons and melee attacks
   (+2).
   It affects your resistance to hostile enchantments.
 F - an uncursed ring of poison resistance {unknown}
 H - an uncursed ring of poison resistance {unknown}
 I - an uncursed amulet of harm {unknown}
 M - an uncursed amulet of guardian spirit {unknown}
 O - an uncursed ring of protection from fire
 P - an uncursed ring of protection from cold {unknown}
 T - a +4 amulet of reflection (around neck)
 U - the ring of Pynuc (left hand) {+Inv rPois rC+ Int-2 Dex+9}
   (You found it on level 5 of the Lair of Beasts)

   [ring of protection from cold]

   It affects your intelligence (-2).
   It affects your dexterity (+9).
   It protects you from cold.
   It protects you from poison.
   It lets you turn invisible.
 V - an uncursed amulet of magic regeneration {unknown}
Wands
 e - a wand of scattershot (2)
 l - a wand of acid (4)
 D - a wand of iceblast (31)
 G - a wand of clouds (6)
 K - a wand of flame (38)
Scrolls
 g - 9 scrolls of teleportation
 i - 2 scrolls of magic mapping
 n - a scroll of fog
 o - 11 scrolls of remove curse
 t - 4 scrolls of amnesia
 u - 6 scrolls of enchant weapon
 x - 7 scrolls of enchant armour
 y - 2 scrolls of brand weapon
 J - a scroll of blinking
 Q - 6 scrolls of immolation
 S - a scroll of fear
Potions
 a - 3 potions of mutation
 c - 4 potions of curing
 d - 3 potions of might
 f - 3 potions of resistance
 h - 2 potions of invisibility {unknown}
 j - 5 potions of lignification
 m - 2 potions of haste {unknown}
 q - 3 potions of brilliance {unknown}
 v - 4 potions of ambrosia
 w - 4 potions of cancellation
 A - a potion of magic {unknown}
 L - 2 potions of flight {unknown}
 R - 2 potions of berserk rage {unknown}
Miscellaneous
 N - 2 phantom mirrors
Comestibles
 B - 46 rations
 X - 6 chunks of flesh


   Skills:
 - Level 14.0 Fighting
   Level 2.1 Maces & Flails
 - Level 12.0 Polearms
 - Level 10.0 Dodging
 - Level 1.7 Stealth
 - Level 4.0 Shields
 * Level 12.8 Spellcasting
 - Level 4.0 Conjurations
 + Level 1.7 Hexes
 + Level 1.8 Summonings
 * Level 11.3 Necromancy
 - Level 2.3 Transmutations
 - Level 6.0 Fire Magic
 - Level 3.2 Air Magic
 - Level 7.0 Poison Magic
 - Level 6.0 Evocations


You couldn't memorise any spells.
You knew the following spells:

 Your Spells              Type           Power        Failure   Level  Hunger
a - Summon Mana Viper     Hex/Summ       ###.....     56%         5    ####...
b - Poisonous Vapours     Pois/Air       ####..       1%          2    None
c - Ignite Poison         Fire/Tmut/Pois ####....     1%          3    None
d - Olgreb's Toxic Radia  Pois           #####...     2%          4    None
e - Mephitic Cloud        Conj/Pois/Air  ####....     2%          3    None
f - Vampiric Draining     Necr           ######....   1%          3    None
g - Animate Skeleton      Necr           N/A          1%          1    None
h - Dispel Undead         Necr           ######..     1%          4    None
i - Sticky Flame          Conj/Fire      ####....     7%          4    None
j - Agony                 Necr           ######..     1%          5    ####...
k - Death Channel         Necr           ######....   8%          6    #####..

Your spell library contained the following spells:

 Spells                   Type           Power        Failure   Level  Hunger
 Beastly Appendage        Tmut           ###...       1%          1    None
 Foxfire                  Conj/Fire      ####         1%          1    None
 Magic Dart               Conj           ####         1%          1    None
 Pain                     Necr           ####         1%          1    None
 Sting                    Tmut/Pois      ####         1%          1    None
 Searing Ray              Conj           ####..       1%          2    None
 Sublimation of Blood     Necr           ######....   1%          2    None
 Conjure Flame            Conj/Fire      ####....     1%          3    None
 Corona                   Hex            ###....      2%          1    None
 Spider Form              Tmut/Pois      ####......   2%          3    None
 Sticks to Snakes         Tmut           ###.....     3%          2    None
 Inner Flame              Hex/Fire       ####....     3%          3    None
 Dazzling Flash           Conj/Hex       ###...       4%          3    None
 Infusion                 Chrm           ##..         5%          1    None
 Ensorcelled Hibernation  Hex/Ice        ###...       5%          2    None
 Shroud of Golubria       Chrm/Tloc      ##....       8%          2    None
 Song of Slaying          Chrm           ##......     8%          2    None
 Confusing Touch          Hex            ###.....     8%          3    None
 Tukima's Dance           Hex            ###.....     8%          3    None
 Recall                   Summ/Tloc      N/A          11%         3    None
 Spectral Weapon          Hex/Chrm       ###.....     11%         3    None
 Excruciating Wounds      Chrm/Necr      #####.....   14%         5    ####...
 Ozocubu's Armour         Chrm/Ice       ##......     16%         3    None
 Fulminant Prism          Conj/Hex       ###.......   16%         4    None
 Fireball                 Conj/Fire      ####......   19%         5    ####...
 Iskenderun's Mystic Bla  Conj/Tloc      ###.....     22%         4    None
 Ice Form                 Ice/Tmut       ###.....     32%         4    None
 Blade Hands              Tmut           ###.......   50%         5    ####...
 Aura of Abjuration       Summ           ###.......   54%         5    ####...
 Summon Demon             Summ           ###.......   54%         5    ####...
 Simulacrum               Ice/Necr       #####.....   61%         6    #####..
 Summon Forest            Summ/Tloc      ###.......   69%         5    ####...
 Shadow Creatures         Summ           N/A          98%         6    #####..


Dungeon Overview and Level Annotations

Branches:
Dungeon (15/15)            Temple (1/1) D:4            Lair (6/6) D:9
 Shoals (0/4) Lair:3        Snake (2/4) Lair:2        Slime (0/5) Lair:6
    Orc (2/2) D:12            Elf (0/3) Orc:2        Vaults (0/5) D:14
 Depths (0/5) D:15          IceCv (visited)

Altars:
Ashenzari
Cheibriados
Dithmenos
Elyvilon
Fedhas
Gozag
Hepliaklqana
Kikubaaqudgha
Makhleb
Nemelex Xobeh
Okawaru
Qazlal
Ru
Sif Muna
Trog
Uskayaw
Vehumet
Wu Jian
Xom
Yredelemnul
Zin
The Shining One
Beogh

Shops:
D:6 [   D:10 (   D:14 =   Orc:2 [([(=

Portals:
Abyss: Lair:1
Trove: D:10 (give 11 potions of heal wounds)

Annotations:
D:7 1 runed translucent door, paps's ghost, novice DsBe
Lair:1 2 transporters, timpak's ghost, journeyman OpAs
Lair:6 exclusion: 3 doors
Snake:2 Vashnia


Innate Abilities, Weirdness & Mutations

You can breathe wild blasts of lightning.
Your glossy black scales are hard. (AC +9)
You cannot fit into any form of body armour.
Your large and strong wings let you fly indefinitely.
You are resistant to electric shocks. (rElec)
You are cold-blooded and may be slowed by cold attacks.


Message History

The splash of poison hits you but does no damage.
You are poisoned.
You resist.
Things that are here:
3 arrows; 7 bolts
Casting: Agony (safe; 1% risk of failure)
Confirm with . or Enter, or press ? or * to list all spells.
Aiming: Sticky Flame (safe; 7% risk of failure)
Press: ? - help, Shift-Dir - straight line, f/p - Vashnia
Aim: Vashnia, wielding a +0 arbalest, wearing a +2 naga barding of flying and quivering 13 bolts (severely wounded, catching her breath)
You miscast Sticky Flame.
You are very lightly contaminated with residual magic.
You smell something strange.
You feel sick.
The naga sharpshooter gestures wildly while chanting.
The naga sharpshooter magically shoots a bolt.
The bolt hits you!!
* * * LOW HITPOINT WARNING * * *
Vashnia shoots a bolt.
The bolt hits you!!
You die...
Kikubaaqudgha rasps: "You have failed me!
Welcome... death!"

...# #.......# ...#
#......# ...#
#..(..# ..## #....#
.## #..(# .# #(# .#
#(# .#
############(#
.#####......).(N@(#
.......)#######N###
######..# #.# #..#
#(# #.># #(#
######..# #N#
........# #.#
#######.## #.#
#......#### #.#


You could see Vashnia and 2 naga sharpshooters.

Vanquished Creatures
  An Ice Fiend (IceCv)
  Frances (D:14)
  Gastronok (Lair:3)
  Donald (Orc:2)
  An orc warlord (Orc:2)
  5 entropy weavers (Lair:5)
  Azrael (D:14)
  A yaktaur captain (D:14)
  2 fire dragons (D:15)
  Harold (D:8)
  4 ghost crabs (Lair:5)
  Erolcha (D:12)
  4 hydras
  4 naga warriors (Snake:2)
  A death knight (D:15)
  8 anacondas
  A tengu warrior (D:15)
  4 centaur warriors
  An ogre mage (Orc:1)
  11 death yaks
  7 two-headed ogres
  3 orc high priests
  3 shock serpents (Snake:2)
  2 naga sharpshooters
  A skeletal warrior (D:14)
  5 fire crabs
  2 unseen horrors
  Pikel (D:8)
  An orc knight (Orc:2)
  5 ugly things
  2 oklob plants (Lair:6)
  3 mana vipers (Snake:2)
  A cyclops (D:11)
  11 deep elf magi
  4 orc sorcerers
  A manticore (D:15)
  8 elephants (Lair:6)
  An apocalypse crab (Lair:5)
  3 ice statues
  3 naga magi
  4 black mambas
  13 spiny frogs
  3 centaur skeletons
  Psyche (D:9)
  4 gargoyles
  3 rime drakes
  Maggie (D:10)
  4 komodo dragons
  2 yaktaurs (D:14)
  5 anaconda simulacra (IceCv)
  An efreet (D:15)
  A kobold demonologist (D:13)
  7 freezing wraiths
  A tengu conjurer (D:15)
  7 ice devils (IceCv)
  6 trolls
  4 polar bears
  A hornet (D:12)
  Grinder (D:5)
  A snapping turtle (Lair:3)
  2 hippogriffs (shapeshifter) (D:15)
  7 blink frogs
  9 hippogriffs
  A meliai zombie (D:15)
  Sigmund (D:5)
  A spriggan (D:7)
  3 dire elephant simulacra (IceCv)
  A shadow (D:12)
  2 vampires
  5 wyverns
  33 yaks
  3 wraiths
  Eustachio (D:6)
  A fire elemental (D:14)
  A water elemental (D:11)
  3 hungry ghosts
  A basilisk (Lair:1)
  5 vampire mosquitoes
  2 wargs
  2 iron troll simulacra (IceCv)
  9 nagas
  6 harpy simulacra (IceCv)
  A soldier ant (D:12)
  2 hydra simulacra (IceCv)
  12 water moccasins
  3 hell hounds
  26 orc warriors
  5 porcupines
  4 ice beasts
  A black bear (D:9)
  An ettin simulacrum (IceCv)
  A hornet zombie (D:11)
  A slave (D:8)
  14 ogres
  4 sky beasts
  A necrophage (D:9)
  4 wolves (Lair:2)
  An eye of draining (D:10)
  3 boggarts (D:14)
  21 centaurs
  3 phantoms
  13 crocodiles
  5 big kobolds
  Blork the orc (D:6)
  19 bullfrogs
  2 scorpions
  A water moccasin skeleton (D:11)
  23 killer bees
  23 wights
  3 howler monkeys
  10 electric eels
  3 crimson imps
  3 draconian simulacra (IceCv)
  A quasit (D:10)
  A bullfrog zombie (D:11)
  3 centaur zombies
  7 hounds
  12 jellies
  2 bullfrog skeletons
  A gnoll shaman (D:5)
  16 orc priests
  25 orc wizards
  12 worker ants
  2 iguanas
  A polar bear simulacrum (IceCv)
  4 troll simulacra (IceCv)
  A centaur simulacrum (IceCv)
  4 hound skeletons
  3 worker ant zombies
  A howler monkey zombie (D:9)
  8 gnolls
  9 adders
  A naga simulacrum (IceCv)
  3 ogre simulacra (IceCv)
  2 shadow imps
  6 white imps (IceCv)
  8 ufetubi (IceCv)
  4 oozes
  2 adder zombies (D:8)
  3 adder skeletons
  3 worms
  2 dart slugs
  4 leopard geckos
  104 orcs
  2 ball pythons
  2 bat zombies (D:5)
  7 giant cockroaches
  4 goblins
  4 hobgoblins
  9 jackals
  19 kobolds
  3 quokkas
  12 bats
  3 frilled lizards
  2 quokka skeletons
  3 rats
  A rat zombie (D:5)
  5 plants
835 creatures vanquished.

Vanquished Creatures (collateral kills)
  Rupert (D:15)
  A naga ritualist (Snake:2)
  An ugly thing (D:13)
  A cyclops (D:13)
  A salamander (Snake:2)
  3 black mambas
  A centaur zombie (D:13)
  A komodo dragon (Lair:3)
  3 blink frogs (Lair:3)
  A hippogriff (D:15)
  A fire elemental (D:15)
  A vampire mosquito (D:15)
  A hell hound (D:15)
  3 nagas (Snake:2)
  A water moccasin (Lair:3)
  A porcupine (Lair:3)
  A centaur (D:11)
  A bullfrog (D:11)
  A wight (D:8)
  A crimson imp (D:15)
  A quasit (D:10)
  An iguana (D:7)
  2 worker ants
  A statue (D:8)
  An orc (Orc:2)
32 creatures vanquished.

Vanquished Creatures (others)
  A death yak (Lair:6)
  A cyclops (D:13)
  A naga (Snake:2)
  A slave (D:8)
  2 orc warriors (Orc:2)
  A necrophage (D:8)
  A centaur (D:14)
  A bullfrog (D:8)
  A hound zombie (D:8)
  An adder (D:8)
  16 fungi
  20 plants
47 creatures vanquished.

Grand Total: 914 creatures vanquished

Notes
Turn   | Place    | Note
-------+----------+-------------------------------------------
     0 | D:1      | Kohma the Draconian Venom Mage began the quest for the Orb.
     0 | D:1      | Reached XP level 1. HP: 14/14 MP: 3/3
   408 | D:1      | Reached XP level 2. HP: 20/20 MP: 1/5
   894 | D:2      | Learned a level 2 spell: Poisonous Vapours
  1085 | D:2      | Reached XP level 3. HP: 23/26 MP: 0/7
  1093 | D:2      | Learned a level 3 spell: Ignite Poison
  1653 | D:2      | Found a hazy altar of Hepliaklqana.
  2199 | D:3      | Reached XP level 4. HP: 33/33 MP: 5/8
  3225 | D:4      | Found a shadowy altar of Dithmenos.
  3269 | D:4      | Noticed an ogre
  3288 | D:4      | Killed an ogre
  3288 | D:4      | Reached skill level 5 in Poison Magic
  3288 | D:4      | Reached XP level 5. HP: 38/38 MP: 2/9
  3305 | D:4      | Found a staircase to the Ecumenical Temple.
  3309 | Temple   | Entered the Ecumenical Temple
  3632 | D:4      | Learned a level 4 spell: Olgreb's Toxic Radiance
  3977 | D:4      | Reached skill level 1 in Fire Magic
  3977 | D:4      | Reached XP level 6. HP: 45/45 MP: 5/10
  3980 | D:5      | Entered Level 5 of the Dungeon
  4129 | D:5      | Noticed an ice beast
  4142 | D:5      | Killed an ice beast
  4246 | D:5      | Noticed Grinder
  4255 | D:5      | Learned a level 2 spell: Sticks to Snakes
  4508 | D:5      | Found a snail-covered altar of Cheibriados.
  4538 | D:5      | Killed Grinder
  4538 | D:5      | Your scales start taking on a glossy black colour.
  4538 | D:5      | Reached XP level 7. HP: 41/50 MP: 1/13
  4538 | D:5      | Gained mutation: You are resistant to electric shocks.
                  | (rElec) [Black Draconian growth]
  4735 | D:5      | Noticed Sigmund
  4983 | D:5      | Found a basalt altar of Yredelemnul.
  5133 | D:5      | Found an ancient bone altar of Kikubaaqudgha.
  5141 | D:5      | Became a worshipper of Kikubaaqudgha
  5493 | D:5      | Killed Sigmund
  5493 | D:5      | Reached skill level 5 in Spellcasting
  5525 | D:5      | Reached XP level 8. HP: 52/57 MP: 0/16
  5571 | D:5      | Reached skill level 1 in Air Magic
  5732 | D:5      | Reached skill level 1 in Necromancy
  6095 | D:6      | Found a bloodstained altar of Trog.
  6095 | D:6      | Found a stormy altar of Qazlal.
  6322 | D:6      | Reached * piety under Kikubaaqudgha
  6322 | D:6      | Identified Kikubaaqudgha's Almanac of Dark Secrets
                  | (Kikubaaqudgha gifted it to you on level 6 of the Dungeon)
  6322 | D:6      | Received a gift from Kikubaaqudgha
  6327 | D:6      | Noticed Eustachio
  6330 | D:6      | Reached skill level 1 in Fighting
  6335 | D:6      | Killed Eustachio
  6335 | D:6      | Reached skill level 2 in Fighting
  6487 | D:6      | Reached skill level 1 in Shields
  6623 | D:6      | Found Gyplara's Antique Armour Emporium.
  6652 | D:6      | Bought a shiny buckler for 187 gold pieces
  6721 | D:6      | Learned a level 3 spell: Mephitic Cloud
  6725 | D:6      | Learned a level 3 spell: Vampiric Draining
  6727 | D:6      | Learned a level 1 spell: Animate Skeleton
  6742 | D:6      | Noticed Blork the orc
  6745 | D:6      | Killed Blork the orc
  7013 | D:6      | Reached XP level 9. HP: 49/68 MP: 8/18
  7363 | D:7      | Reached skill level 3 in Fighting
  7385 | D:7      | Found a sparkling altar of Nemelex Xobeh.
  7893 | D:7      | Found a runed translucent door.
  7894 | D:7      | Noticed paps's ghost (novice DsBe)
  7960 | D:7      | Noticed a two-headed ogre
  7966 | D:7      | Killed a two-headed ogre
  7966 | D:7      | Reached skill level 5 in Fighting
  8107 | D:7      | Reached ** piety under Kikubaaqudgha
  8222 | D:7      | Reached skill level 6 in Fighting
  8354 | D:7      | Found a glowing golden altar of the Shining One.
  8354 | D:7      | Found a shimmering blue altar of Sif Muna.
  8367 | D:7      | Reached skill level 7 in Fighting
  9109 | D:8      | Reached XP level 10. HP: 84/86 MP: 11/19
  9110 | D:8      | Reached skill level 8 in Fighting
  9180 | D:8      | Noticed Pikel
  9189 | D:8      | Killed Pikel
  9265 | D:8      | Reached skill level 9 in Fighting
  9599 | D:8      | Found an iron altar of Okawaru.
  9864 | D:8      | Found a radiant altar of Vehumet.
  9993 | D:8      | Noticed Harold
  9999 | D:8      | Killed Harold
  9999 | D:8      | Reached skill level 10 in Fighting
 10042 | D:8      | Found a sacrificial altar of Ru.
 10044 | D:8      | Found a shimmering altar of Xom.
 10044 | D:8      | Found a blossoming altar of Fedhas.
 10046 | D:8      | Found a shimmering altar of Xom.
 10046 | D:8      | Found a glowing golden altar of the Shining One.
 10046 | D:8      | Found a stormy altar of Qazlal.
 10245 | D:9      | Reached skill level 5 in Dodging
 10265 | D:9      | Found a staircase to the Lair.
 10305 | D:9      | Reached *** piety under Kikubaaqudgha
 10305 | D:9      | Identified Kikubaaqudgha's Catalogue of Stolen Souls
                  | (Kikubaaqudgha gifted it to you on level 9 of the Dungeon)
 10305 | D:9      | Received a gift from Kikubaaqudgha
 10312 | D:9      | Learned a level 4 spell: Dispel Undead
 11009 | D:9      | Reached skill level 5 in Necromancy
 11499 | D:9      | Reached XP level 11. HP: 101/101 MP: 21/21
 11726 | D:9      | Found a hide-covered altar of Uskayaw.
 11784 | D:9      | Noticed Psyche
 11790 | D:9      | Killed Psyche
 11990 | D:10     | Entered Level 10 of the Dungeon
 12388 | D:10     | Noticed Maggie
 12393 | D:10     | Killed Maggie
 12461 | D:10     | Reached **** piety under Kikubaaqudgha
 12959 | D:10     | Found a portal to a secret trove of treasure.
 13005 | D:10     | Found Lite's Weapon Emporium.
 13340 | D:11     | Noticed an unseen horror
 13342 | D:11     | Killed an unseen horror
 13545 | D:11     | Reached skill level 10 in Spellcasting
 13658 | D:11     | Learned a level 4 spell: Sticky Flame
 13693 | D:11     | Reached skill level 1 in Conjurations
 13693 | D:11     | Reached skill level 1 in Evocations
 14059 | D:11     | Reached ***** piety under Kikubaaqudgha
 14186 | D:11     | Got a scorched hunting sling
 14636 | D:11     | Noticed a cyan ugly thing
 14643 | D:11     | Killed a cyan ugly thing
 14643 | D:11     | Reached XP level 12. HP: 97/107 MP: 11/26
 15094 | Lair:1   | Entered Level 1 of the Lair of Beasts
 15187 | Lair:1   | Learned a level 5 spell: Agony
 15380 | Lair:1   | Identified the +2 spear of Plunder {distort, Str+2 Int-4
                  | Dex+3 Stlth+}
 15385 | Lair:1   | Noticed timpak's ghost (journeyman OpAs)
 15387 | Lair:1   | Found a transporter.
 15573 | D:6      | Bought a runed hat for 175 gold pieces
 15820 | Lair:1   | Found a one-way gate to the infinite horrors of the Abyss.
 15827 | Lair:1   | Found a transporter.
 16255 | Lair:1   | Reached skill level 1 in Maces & Flails
 16255 | Lair:1   | Reached skill level 5 in Fire Magic
 17078 | Lair:2   | Found a staircase to the Snake Pit.
 18073 | Lair:4   | Reached skill level 11 in Fighting
 18468 | Lair:3   | Noticed Gastronok
 18482 | Lair:3   | Killed Gastronok
 18670 | Lair:3   | Found a staircase to the Shoals.
 18726 | Lair:3   | Got a brightly glowing spear
 18760 | Lair:3   | Identified the +4 spear of Hypnalug {flame, Str+5} (You
                  | found it on level 3 of the Lair of Beasts)
 18871 | Lair:3   | Reached XP level 13. HP: 96/116 MP: 5/27
 19273 | Lair:3   | You fall into a shaft and drop 3 floors!
 19273 | Lair:6   | Entered Level 6 of the Lair of Beasts
 19279 | Lair:6   | Reached ****** piety under Kikubaaqudgha
 20610 | Lair:4   | Reached skill level 12 in Fighting
 20610 | Lair:4   | Reached skill level 1 in Polearms
 21767 | Lair:5   | Found a runed translucent door.
 21877 | Lair:5   | Noticed an entropy weaver
 21890 | Lair:5   | Killed an entropy weaver
 22166 | Lair:5   | Noticed an entropy weaver
 22174 | Lair:5   | Reached skill level 5 in Polearms
 22179 | Lair:5   | Killed an entropy weaver
 22532 | Lair:5   | Noticed an entropy weaver
 22543 | Lair:5   | Killed an entropy weaver
 23109 | Lair:5   | Got a crude bronze ring
 23348 | Lair:5   | Noticed an entropy weaver
 23739 | Lair:5   | Killed an entropy weaver
 23892 | Lair:5   | Gained mutation: Your large and strong wings let you fly
                  | indefinitely. [Black Draconian growth]
 23892 | Lair:5   | Reached XP level 14. HP: 92/126 MP: 1/29
 24048 | Lair:5   | Noticed an entropy weaver
 24054 | Lair:5   | Killed an entropy weaver
 24890 | Lair:6   | Found a staircase to the Slime Pits.
 25936 | Lair:6   | Got a polished dire flail
 26892 | D:12     | Found a staircase to the Orcish Mines.
 27012 | D:12     | Identified the ring of Pynuc {+Inv rPois rC+ Int-2 Dex+9}
                  | (You found it on level 5 of the Lair of Beasts)
 27026 | D:12     | Noticed Erolcha
 27041 | D:12     | Killed Erolcha
 27809 | D:13     | Reached skill level 10 in Polearms
 28187 | D:13     | Reached skill level 10 in Dodging
 28726 | D:14     | Found a gate to the Vaults.
 28729 | D:14     | Reached skill level 5 in Evocations
 29030 | D:14     | You are sucked into a shaft and drop 1 floor!
 29030 | D:15     | Entered Level 15 of the Dungeon
 29056 | D:14     | Found an opulent altar of Gozag.
 29056 | D:14     | Found Wacukaiwn's Jewellery Shoppe.
 29200 | D:14     | Reached XP level 15. HP: 132/132 MP: 16/31
 29206 | D:14     | Noticed Azrael
 29318 | D:14     | Killed Azrael
 29372 | D:14     | Identified a scroll of acquirement
 29372 | D:14     | Identified the +0 pair of boots of the Moneychanger {+Fly}
                  | (You acquired it on level 14 of the Dungeon)
 29489 | D:14     | Noticed Frances
 29507 | D:14     | Killed Frances
 30616 | D:15     | Noticed Rupert
 30630 | D:15     | Killed Rupert
 31539 | D:15     | Found a staircase to the Depths.
 32062 | Orc:1    | Entered Level 1 of the Orcish Mines
 32086 | Orc:1    | Learned a level 6 spell: Death Channel
 32858 | Orc:1    | Found a roughly hewn altar of Beogh.
 32987 | Orc:2    | Entered Level 2 of the Orcish Mines
 32987 | Orc:2    | Found Upearux's Jewellery Shop.
 33005 | Orc:2    | Reached skill level 13 in Fighting
 33140 | Orc:2    | Found a radiant altar of Vehumet.
 33189 | Orc:2    | Found a roughly hewn altar of Beogh.
 33190 | Orc:2    | Found Maela's Weapon Boutique.
 33297 | Orc:2    | Found a roughly hewn altar of Beogh.
 33313 | Orc:2    | Found Fyutruc's Armour Shoppe.
 33466 | Orc:2    | Found a roughly hewn altar of Beogh.
 33524 | Orc:2    | Noticed Donald
 33539 | Orc:2    | Killed Donald
 33996 | Orc:2    | Reached skill level 10 in Necromancy
 34006 | Orc:2    | Noticed an orc warlord
 34034 | Orc:2    | Killed an orc warlord
 34220 | Orc:2    | Found a roughly hewn altar of Beogh.
 34343 | Orc:2    | Found Leokir's Antique Armour Emporium.
 34343 | Orc:2    | Found a roughly hewn altar of Beogh.
 34347 | Orc:2    | Found Kollulee's Antique Weapon Shoppe.
 34458 | Orc:2    | Found a roughly hewn altar of Beogh.
 34465 | Orc:2    | Found a staircase to the Elven Halls.
 34549 | Orc:2    | Found a roughly hewn altar of Beogh.
 34777 | D:14     | Bought the ring "Diusie" {MR+ Str+3 Dex+5 Slay+2} for 743
                  | gold pieces
 34949 | Snake:1  | Entered Level 1 of the Snake Pit
 35154 | Snake:1  | Found a shimmering blue altar of Sif Muna.
 35887 | Snake:2  | Found a frozen archway.
 35990 | Snake:2  | Reached XP level 16. HP: 122/145 MP: 28/32
 36136 | IceCv    | Entered an ice cave
 37882 | IceCv    | Noticed an Ice Fiend
 37926 | IceCv    | Killed an Ice Fiend
 38419 | Snake:2  | Learned a level 5 spell: Summon Mana Viper
 38623 | Snake:2  | Reached skill level 14 in Fighting
 38784 | Snake:2  | Reached skill level 1 in Summonings
 38788 | Snake:2  | Reached skill level 1 in Hexes
 39379 | Snake:2  | Found a hazy altar of Hepliaklqana.
 39436 | Snake:2  | Noticed Vashnia
 39491 | Snake:2  | HP: 1/146 [naga sharpshooter/bolt[Vashnia] (24)]
 39494 | Snake:2  | Shot with a bolt by Vashnia

Levels and vault maps discovered:
D:1:      nagdon_arrival_double_spiral, layout_loops_cross
D:2:      layout_basic, marbit_many_paths, kennysheep_generic_room_13
D:3:      layout_loops_ring, kennysheep_boxes
D:4:      layout_rooms, grunt_dithmenos_smoke, minmay_temple_entry_glassed_door,
          first_ration
D:5:      layout_loops_corners, lemuel_zombie_altar_kikubaaqudgha,
          cheibrodos_worm_habitat, yredelemnul_altar_generic, uniq_grinder,
          uniq_sigmund
D:6:      layout_basic, gammafunk_temple_overflow_wave, serial_shops, shop,
          uniq_eustachio, uniq_blork_the_orc
D:7:      layout_gridville, chequers_temple_overflow_statue_of_worship,
          hellmonk_ghost_happy_afterlife, the_bakery, nemelex_dance_club_becter
D:8:      layout_basic, vehumet_statue, lemuel_crystal_altar,
          doesnt_xom_only_xom, chequers_mini_garden, nicolae_benzene_ring,
          uniq_harold, uniq_pikel
D:9:      minmay_opposing_rooms, layout_long_grid, lair_entry_dummy,
          basic_altar, uniq_psyche
D:10:     cheibrodos_iron_armory, layout_basic, enter_trove_0, serial_shops,
          nicolae_shop_statue_plus, uniq_maggie
D:11:     layout_loops_ring, serial_bayou, serial_bayou_lake_a,
          serial_bayou_pond_e, serial_bayou_shore_b, serial_bayou_ford_a,
          eino_jars
D:12:     layout_rooms, hiddenorc1_lemuel, uniq_erolcha
D:13:     layout_long_grid
D:14:     layout_rooms, david_vaults_2, serial_shops, shop,
          nicolae_gozag_seed_capital, uniq_frances, uniq_azrael
D:15:     grunt_enter_depths_hoard, layout_irregular_city, nicolae_wwwww,
          uniq_rupert
Temple:   jpeg_temple_alley_garden
Lair:1:   layout_big_grid, gammafunk_ghost_abyssal_escape
Lair:2:   layout_loops_ring, guppyfry_snake_entry_garden,
          chequers_serial_rivers_micro_a, cheibrodos_lair_lostbears,
          infiniplex_staircase_pool_2
Lair:3:   layout_chaotic_city, minmay_shoals_entry_hut, bh_chokoban,
          serial_bayou_shore_a, grunt_megastairs_4, uniq_gastronok
Lair:4:   layout_gridlike, cheibrodos_lair_reptile_den, grunt_megastairs_3
Lair:5:   gammafunk_mikee_crab_dinner, layout_long_grid
Lair:6:   due_jungle_book, layout_misc_corridors,
          nicolae_slime_entry_slimehenge, lemuel_fruit_tree,
          minmay_lair_oklob_chamber
Snake:1:  layout_layer_cave, basic_altar
Snake:2:  layout_gridlike, basic_altar, portal_ice_cave_entry_ice_statue_two,
          drop_trap, uniq_vashnia
Orc:1:    layout_caves, basic_altar
Orc:2:    grunt_orc_community_town_hall, layout_diamond_mine,
          grunt_orc_community_big_house_2, grunt_orc_community_big_house_1,
          grunt_orc_community_house_2, grunt_orc_community_house_2,
          grunt_orc_community_house_2, grunt_orc_community_house_2,
          grunt_orc_community_house_3, serial_shops, nicolae_shop_crystal,
          basic_altar, elves_outpost_lemuel, uniq_donald

Skill      XL: |  1  2  3  4  5  6  7  8  9 10 11 12 13 14 15 16 |
---------------+-------------------------------------------------+-----
Spellcasting   | 3 4 5 6 7 10 11 12 | 12.8
Poison Magic   | 4 5 6 7 |  7.0
Fire Magic     | 1 2 3 4 5 6 |  6.0
Air Magic      | 3 |  3.2
Necromancy     | 3 5 6 8 10 11 | 11.3
Dodging        | 3 4 5 6 8 10 | 10.0
Fighting       | 2 7 10 11 12 13 14 | 14.0
Transmutations | 2 |  2.3
Shields        | 2 4 |  4.0
Conjurations   | 3 4 |  4.0
Evocations     | 3 5 6 |  6.0
Maces & Flails | 2 |  2.1
Polearms       | 6 11 12 | 12.0
Summonings     | 1 |  1.8
Hexes          | 1 |  1.7
Stealth        | |  1.7

Action                   |  1- 3 |  4- 6 |  7- 9 | 10-12 | 13-15 | 16-18 || total
-------------------------+-------+-------+-------+-------+-------+-------++-------
Melee: Dagger            |    36 |    35 |       |       |       |       ||    71
       Unarmed           |     5 |       |       |       |       |       ||     5
       Tailslap          |     2 |     8 |    34 |    60 |   153 |    47 ||   304
       Scimitar          |       |    26 |   218 |    12 |       |       ||   256
       Whip              |       |       |       |   522 |   153 |       ||   675
       Spear             |       |       |       |       |   676 |   170 ||   846
Throw: Dart              |     1 |       |       |       |       |       ||     1
       Throwing net      |       |       |       |       |     2 |       ||     2
 Cast: Sting             |    26 |    16 |    24 |     5 |     4 |       ||    75
       Poisonous Vapours |    20 |    29 |    46 |   138 |   229 |    12 ||   474
       Ignite Poison     |       |     2 |    19 |    57 |   101 |     6 ||   185
       Olgreb's Toxic Ra |       |     1 |     7 |    22 |    43 |     1 ||    74
       Sticks to Snakes  |       |     3 |     5 |       |       |       ||     8
       Animate Skeleton  |       |       |     2 |    11 |    87 |    14 ||   114
       Mephitic Cloud    |       |       |     1 |     4 |    19 |       ||    24
       Dispel Undead     |       |       |       |    18 |    47 |    46 ||   111
       Sticky Flame      |       |       |       |    30 |    47 |    45 ||   122
       Agony             |       |       |       |     5 |    24 |     7 ||    36
 Abil: Fly               |       |       |       |       |     1 |       ||     1
       Breathe Lightning |       |       |       |       |     2 |     1 ||     3
Evoke: Wand              |       |       |       |       |     7 |       ||     7
  Use: Scroll            |       |     9 |     2 |    13 |    14 |     2 ||    40
       Potion            |       |     1 |     1 |     2 |     5 |     3 ||    12
 Stab: Sleeping          |       |     1 |     6 |     1 |       |       ||     8
       Confused          |       |       |       |     1 |     3 |       ||     4
       Distracted        |       |       |       |       |     4 |     5 ||     9
  Eat: Chunk             |     6 |     8 |    14 |    23 |    34 |     3 ||    88
       Ration            |       |       |     1 |     5 |     7 |     3 ||    16
Armor: Skin              |    17 |    26 |   129 |   147 |   113 |    35 ||   467
Dodge: Dodged            |    31 |    54 |   213 |   533 |   600 |   123 ||  1554
Block: Buckler           |       |       |     8 |   200 |   535 |   123 ||   866
       Reflection        |       |       |       |       |    35 |    10 ||    45
       Rpst.: Scimitar   |       |     8 |    60 |     6 |       |       ||    74

Table legend:
 A = Non-vault XP
 B = Vault XP
 C = Vault XP percentage of total XP
 D = Non-vault monster count
 E = Vault monster count
 F = Vault count percentage of total count
                 A         B        C        D         E       F
            +---------+---------+-------+---------+---------+-------
      Total |  110411 |   68631 |  38.3 |     624 |     242 |  27.9
            +---------+---------+-------+---------+---------+-------
        D:1 |      17 |       0 |   0.0 |      11 |       0 |   0.0
        D:2 |      33 |      15 |  31.2 |      10 |       2 |  16.7
        D:3 |     103 |       0 |   0.0 |      32 |       0 |   0.0
        D:4 |     242 |       0 |   0.0 |      15 |       0 |   0.0
        D:5 |     656 |     510 |  43.7 |      14 |       6 |  30.0
        D:6 |    1235 |     298 |  19.4 |      33 |       2 |   5.7
        D:7 |    2054 |     354 |  14.7 |      32 |       3 |   8.6
        D:8 |    1003 |    1752 |  63.6 |      22 |       3 |  12.0
        D:9 |    2569 |    1481 |  36.6 |      28 |       9 |  24.3
       D:10 |    3383 |     379 |  10.1 |      49 |       1 |   2.0
       D:11 |    5912 |     439 |   6.9 |      55 |       7 |  11.3
       D:12 |    6949 |    1237 |  15.1 |      34 |      18 |  34.6
       D:13 |    9928 |       0 |   0.0 |      30 |       0 |   0.0
       D:14 |    9687 |    5789 |  37.4 |      37 |       8 |  17.8
       D:15 |    8144 |    4848 |  37.3 |      27 |       6 |  18.2
     Lair:1 |     935 |       0 |   0.0 |       5 |       0 |   0.0
     Lair:2 |    4971 |    1376 |  21.7 |      27 |       6 |  18.2
     Lair:3 |    4782 |    2879 |  37.6 |      25 |       5 |  16.7
     Lair:4 |    3775 |     948 |  20.1 |      15 |       3 |  16.7
     Lair:5 |    8264 |   14133 |  63.1 |      14 |      15 |  51.7
     Lair:6 |   13526 |    4291 |  24.1 |      32 |      14 |  30.4
    Snake:1 |    5733 |       0 |   0.0 |      12 |       0 |   0.0
    Snake:2 |   13186 |    1528 |  10.4 |      26 |       3 |  10.3
      Orc:1 |    2543 |     127 |   4.8 |      33 |       2 |   5.7
      Orc:2 |     781 |   14531 |  94.9 |       6 |      70 |  92.1
      IceCv |       0 |   11716 | 100.0 |       0 |      59 | 100.0
            +---------+---------+-------+---------+---------+-------
